 Dungeon Crawl Stone Soup version 0.28.0-43-g3370ac3207 (webtiles) character file.

Game seed: 17204633516773733791

8117 demenzo the Fighter (level 11, -3/127 HPs)
             Began as an Ogre Berserker on Feb 28, 2022.
             Was an Elder of Trog.
             Killed from afar by a vampire (23 damage)
             ... with a bolt of acid
             ... on level 10 of the Dungeon on Mar 1, 2022.
             The game lasted 00:20:59 (12793 turns).

demenzo the Fighter (Ogre Berserker)               Turns: 12793, Time: 00:20:59

Health: -3/127     AC: 10    Str: 27    XL:     11   Next: 25%
Magic:  11/11      EV: 10    Int:  8    God:    Trog [****..]
Gold:   542        SH:  0    Dex:  8    Spells: 10/10 levels left

rFire   . . .      SeeInvis .   a - +0 spear (elec)
rCold   . . .      Faith    +   (no shield)
rNeg    . . .      Spirit   .   G - +0 steam dragon scales
rPois   .          Reflect  .   (helmet restricted)
rElec   .          Harm     .   (no cloak)
rCorr   .          Rampage  .   (gloves unavailable)
Will    +++..                   (boots unavailable)
Stlth   +.........              k - amulet of faith
HPRegen 1.31/turn               f - +4 ring of slaying
MPRegen 0.12/turn               t - +4 ring of protection

@: strong-willed, regenerating
A: large, unfitting armour, tough skin 1
a: Renounce Religion, Berserk, Trog's Hand, Brothers in Arms


You were on level 10 of the Dungeon.
You worshipped Trog.
Trog was greatly pleased with you.
You visited 1 branch of the dungeon, and saw 10 of its levels.
You also visited: Sewer.

You collected 602 gold pieces.
You spent 60 gold pieces at shops.

Inventory:

Hand Weapons
 a - a +0 spear of electrocution (weapon)
 b - a +2 shortbow of flaming
 y - a +2 whip of electrocution
 E - a +0 hand crossbow
 K - a +1 mace
Missiles
 e - 45 poisoned darts (quivered)
 g - 123 sling bullets
 u - 233 stones
 x - 62 bolts
 C - 2 curare-tipped darts
 F - 196 arrows
 H - a throwing net
Armour
 w - a +1 animal skin
 G - +0 steam dragon scales (worn)
 O - an orb of guile
Jewellery
 f - a +4 ring of slaying (left hand)
 h - an amulet of reflection
 i - a ring of willpower
 k - an amulet of faith (around neck)
 t - a +4 ring of protection (right hand)
 L - a +6 ring of intelligence
 N - a +6 ring of dexterity
Wands
 A - a wand of charming (9)
 I - a wand of iceblast (32)
 M - a wand of flame (11)
Scrolls
 l - 2 scrolls of fog
 n - 5 scrolls of teleportation
 r - 4 scrolls of enchant armour
 z - a scroll of blinking
 D - a scroll of silence
 P - a scroll of noise {unknown}
Potions
 c - a potion of flight {unknown}
 d - 5 potions of curing
 j - a potion of degeneration {unknown}
 m - 2 potions of lignification {unknown}
 o - 3 potions of mutation
 p - 4 potions of attraction
 q - 3 potions of might {unknown}
 v - 3 potions of heal wounds
 B - 2 potions of ambrosia {unknown}
 J - a potion of brilliance {unknown}


   Skills:
 + Level 13.4 Fighting
 - Level 4.7 Maces & Flails
 - Level 12.0 Polearms
 + Level 3.0 Armour
 + Level 4.6 Dodging


You had 10 spell levels left.
You didn't know any spells.
Your spell library was empty.

Dungeon Overview and Level Annotations

Branches:
Dungeon (10/15)            Temple (0/1) D:6           Sewer (visited)
   Lair: D:8-11         Orc: D:9-12

Altars:
Cheibriados
Uskayaw
Wu Jian

Shops:
D:4 (*([?   D:6 !   D:8 :

Annotations:
D:3 Jessica
D:8 exclusion: door
D:9 exclusion: downstairs


Innate Abilities, Weirdness & Mutations

You are too large for most types of armour.
You have tough skin. (AC +1)


Message History

You swing at nothing.
Something hits you!
You puncture something! Something hits you but does no damage.
You closely miss something. Something hits you! x2
You miss something. You hit something. Something hits you but does no damage.
Something hits you but does no damage. Something hits you.
Something hits you but does no damage. Something hits you!
Something hits you but does no damage. Something hits you.
Something hits you but does no damage. Something hits you!
Something hits you but does no damage. Something hits you but does no damage.
Something hits you. Something hits you. Something hits you!
Something hits you but does no damage. Something hits you but does no damage.
You miss something. Something hits you. Something hits you.
Something hits you but does no damage. Something hits you!
* * * LOW HITPOINT WARNING * * *
Your skin crawls.
You feel strong-willed. Something hits you.
* * * LOW HITPOINT WARNING * * *
Something hits you.
* * * LOW HITPOINT WARNING * * *
Something hits you!
* * * LOW HITPOINT WARNING * * *
Something hits you.
* * * LOW HITPOINT WARNING * * *
Something hits you.
* * * LOW HITPOINT WARNING * * *
Something hits you but does no damage. Something hits you but does no damage.
Something hits you but does no damage. Something hits you.
* * * LOW HITPOINT WARNING * * *
The vampire zaps a wand.
The bolt of acid hits you!!
You die...

#................## #
#?................# #
...#..............## #. #
....##.............####.###
#..###.............##.....#
##................#......
......#..................
......#..................
#..V....@.......#........
.......<....#####........
......#.....# ........
..#...####..# ........ #...
..# .......... #... ....
......... #..
...####........
..........#...
#.........##..


You could see a vampire.

Vanquished Creatures
  Josephine (D:9)
  3 centaur zombies
  An unseen horror (D:10)
  A wyvern (D:9)
  10 yaks
  5 wraiths
  A steam dragon (D:8)
  A water moccasin (D:8)
  2 sky beasts (D:5)
  6 orc warriors
  2 black bears
  2 necrophages
  3 ogres
  5 centaurs
  5 kobold brigands
  2 bullfrogs (Sewer)
  2 scorpions
  11 killer bees
  3 wights
  A howler monkey (D:10)
  A bullfrog zombie (D:7)
  A bullfrog skeleton (D:6)
  3 jellies
  4 hounds
  9 orc priests
  2 centaur skeletons (D:7)
  2 iguanas
  5 orc wizards
  2 howler monkey zombies
  5 gnolls
  A howler monkey skeleton (D:7)
  6 adders
  A shadow imp (D:7)
  4 dart slugs
  20 orcs
  2 endoplasms
  10 giant cockroaches
  7 hobgoblins
  3 jackals (D:1)
  6 quokkas (Sewer)
  13 ball pythons
  6 bats
  8 frilled lizards
  4 goblins
  19 kobolds
  12 rats
223 creatures vanquished.

Vanquished Creatures (collateral kills)
  A gnoll sergeant (D:9)
  2 gnolls (D:9)
3 creatures vanquished.

Vanquished Creatures (others)
  A kobold demonologist (D:9)
1 creature vanquished.

Grand Total: 227 creatures vanquished

Notes
Turn   | Place    | Note
-------+----------+-------------------------------------------
     0 | D:1      | demenzo the Ogre Berserker began the quest for the Orb.
     0 | D:1      | Reached XP level 1. HP: 24/24 MP: 1/1
   219 | D:1      | Reached XP level 2. HP: 27/32 MP: 2/2
   338 | D:1      | Found a faded altar of an unknown god.
   520 | D:1      | Reached XP level 3. HP: 36/40 MP: 3/3
  1194 | D:2      | Reached XP level 4. HP: 49/49 MP: 4/4
  1766 | D:3      | Reached skill level 5 in Fighting
  1838 | D:3      | Reached ** piety under Trog
  1953 | D:3      | Reached XP level 5. HP: 48/57 MP: 5/5
  2413 | D:3      | Noticed Jessica
  2868 | D:4      | Found Uhontir's Weapon Shop.
  2881 | D:4      | Found Ilunad's Antique Armour Shop.
  2904 | D:4      | Found Nadausesk's Magic Scroll Shoppe.
  3005 | D:4      | Found Neaskuedaa's General Store.
  3255 | D:4      | Noticed a +0 falchion
  3255 | D:4      | Noticed a +0 spear
  3255 | D:4      | Noticed a +0 short sword
  3256 | D:4      | Noticed a +0 dagger
  3256 | D:4      | Noticed a +0 dagger
  3256 | D:4      | Noticed a +0 short sword
  3256 | D:4      | Noticed a +0 spear
  3256 | D:4      | Noticed a +0 falchion
  3260 | D:4      | Found Datadunosi's Weapon Emporium.
  3719 | D:4      | Found a hide-covered altar of Uskayaw.
  3768 | D:5      | Entered Level 5 of the Dungeon
  3795 | D:5      | Reached skill level 1 in Polearms
  3795 | D:5      | Reached XP level 6. HP: 58/67 MP: 6/6
  3801 | D:5      | Found a glowing drain.
  3819 | Sewer    | Entered a sewer
  3885 | Sewer    | Reached skill level 6 in Fighting
  4512 | D:5      | Reached XP level 7. HP: 60/76 MP: 7/7
  4682 | D:5      | Reached *** piety under Trog
  4683 | D:5      | Reached skill level 7 in Fighting
  5084 | D:5      | Reached skill level 5 in Polearms
  5108 | D:5      | Reached XP level 8. HP: 88/88 MP: 8/8
  5277 | D:5      | Reached skill level 8 in Fighting
  5987 | D:6      | Found Qeshiem's Distillery.
  5996 | D:6      | Bought a potion of heal wounds for 60 gold pieces
  6399 | D:6      | Found a staircase to the Ecumenical Temple.
  6474 | D:6      | Reached skill level 9 in Fighting
  6474 | D:6      | Reached XP level 9. HP: 73/100 MP: 9/9
  7104 | D:7      | Reached skill level 10 in Fighting
  8344 | D:8      | Reached skill level 10 in Polearms
  8492 | D:8      | Found a snail-covered altar of Cheibriados.
  8503 | D:8      | Reached skill level 11 in Fighting
  8506 | D:8      | Found an ornate altar of the Wu Jian Council.
  8587 | D:8      | Reached XP level 10. HP: 109/113 MP: 10/10
  8589 | D:8      | Reached **** piety under Trog
  9087 | D:8      | Found Cileisa's Book Shoppe.
 10178 | D:9      | Noticed a kobold demonologist
 10185 | D:9      | Noticed a smoke demon
 10187 | D:9      | Killed a kobold demonologist
 10188 | D:9      | Reached skill level 12 in Fighting
 11157 | D:10     | Entered Level 10 of the Dungeon
 11314 | D:10     | Noticed a two-headed ogre
 11636 | D:10     | Killed an unseen horror
 11832 | D:10     | Reached skill level 1 in Armour
 11846 | D:10     | Reached XP level 11. HP: 83/126 MP: 11/11
 12049 | D:10     | Reached skill level 13 in Fighting
 12098 | D:10     | Noticed Josephine
 12270 | D:9      | Killed Josephine
 12793 | D:10     | Killed from afar by a vampire

Illustrated notes

Levels and vault maps discovered:
D:1:      mrwooster_arrival_arrow, layout_loops_ring,
          shapermc_ecumenical_altar_starsandcircs
D:2:      layout_basic
D:3:      layout_loops_cross, tgw_sif
D:4:      layout_basic, nicolae_uskayaw_en_pointe, serial_shops,
          nicolae_shop_temple_entry_statues_fountains, nicolae_shop_crystal,
          nicolae_inconvenience_store, nicolae_shop_advertising_works
          [nicolae_subvault_shop_adworks], nicolae_shop_behind_doors
D:5:      layout_gridville, portal_sewer_entry_a
D:6:      layout_basic, minmay_temple_entry_drinking_statues, serial_shops,
          shop, minmay_misc_feat_ornament, dk_rats_in_the_wall
D:7:      statuecave_lemuel, layout_cave_pools, serial_co_window_serial,
          co_window_paths_b, co_window_paths_a, co_window_corner_a,
          co_window_corner_a, co_window_of_opportunity_a,
          co_window_unsneaky_path_b, co_window_corner_ca,
          co_window_unsneaky_path_a, co_window_broadway_c,
          co_window_unsneaky_path_e, co_window_4corner_a, glass_columns_a,
          glass_columns_a, glass_columns_b, glass_columns_c
D:8:      layout_loops_ring, mainiacjoe_overflow_divided_tiny, serial_shops,
          shop, minmay_fractal_squares_gapless_5
D:9:      layout_loops_ring
D:10:     layout_cave_pools, st_stairs_14, minmay_variable_closet,
          uniq_josephine

Skill      XL: |  1  2  3  4  5  6  7  8  9 10 11 |
---------------+----------------------------------+-----
Maces & Flails | 3 4 |  4.7
Dodging        | 3 4 |  4.6
Fighting       | 5 6 7 9 11 12 13 | 13.4
Polearms       | 1 3 5 8 10 12 | 12.0
Armour         | 1 3 |  3.0

Action                   |  1- 3 |  4- 6 |  7- 9 | 10-12 || total
-------------------------+-------+-------+-------+-------++-------
Melee: Mace              |    83 |   164 |   126 |       ||   373
       Punch             |       |     1 |     4 |     7 ||    12
       Whip              |       |       |    55 |       ||    55
       Spear             |       |       |    43 |   281 ||   324
 Fire: Shortbow          |       |       |    23 |    12 ||    35
Throw: Dart              |     2 |       |       |       ||     2
Invok: Berserk           |     1 |       |    10 |     8 ||    19
       Trog's Hand       |       |       |       |     1 ||     1
  Use: Scroll            |       |     7 |     3 |     4 ||    14
 Stab: Sleeping          |     1 |       |       |       ||     1
Armor: Animal skin       |    31 |    65 |    95 |     8 ||   199
       Steam dragon scal |       |       |       |    67 ||    67
Dodge: Dodged            |    45 |   115 |   118 |    51 ||   329
